 Dungeon Crawl Stone Soup version 0.27-a0-1591-gc56fcc985a (webtiles) character file.

Game seed: 6237927260055353592

56 duskshroud the Sneak (level 3, -3/18 HPs)
             Began as a Vine Stalker Brigand on July 19, 2021.
             Slain by an iguana (7 damage)
             ... on level 2 of the Dungeon.
             The game lasted 00:09:03 (2372 turns).

duskshroud the Sneak (Vine Stalker Brigand)         Turns: 2372, Time: 00:09:04

Health: -3/18      AC:  3    Str: 14    XL:     3   Next: 95%
Magic:  0/4        EV: 11    Int: 11    God:
Gold:   47         SH:  0    Dex: 15    Spells: 2/2 levels left

rFire    . . .     SeeInvis .   a - +2 dagger
rCold    . . .     Faith    .   (no shield)
rNeg     . . .     Spirit   +   b - +0 robe
rPois    .         Reflect  .   (no helmet)
rElec    .         Harm     .   c - +0 cloak
rCorr    .         Rampage  .   (no gloves)
Will     .....                  (no boots)
Stlth    +++.......             (no amulet)
HPRegen  0.06/turn              (no ring)
MPRegen  0.09/turn              (no ring)

@: no status effects
A: fangs 2, magic shield, antimagic bite, no potion heal 2
a: no special abilities


You were on level 2 of the Dungeon.
You visited 1 branch of the dungeon, and saw 3 of its levels.

You collected 119 gold pieces.
You spent 72 gold pieces at shops.

Inventory:

Hand Weapons
 a - a +2 dagger (weapon)
Missiles
 e - 2 curare-tipped darts
 f - 4 poisoned darts (quivered)
Armour
 b - a +0 robe (worn)
 c - a +0 cloak (worn)
 h - a +0 buckler
 k - a +0 chain mail
 v - a +0 scale mail
Magical Staves
 i - a staff of conjuration
Jewellery
 p - a ring of wizardry
Scrolls
 d - a scroll of silence {unknown}
 g - a scroll of teleportation {unknown}
 m - a scroll of enchant weapon {unknown}
 n - a scroll of fear
 r - 2 scrolls of enchant armour
 t - a scroll of amnesia {unknown}
 u - a scroll of identify
Potions
 j - a potion of heal wounds
 l - a potion of mutation
 o - a potion of invisibility
 q - a potion of curing
 s - a potion of degeneration {unknown}


   Skills:
 - Level 1.7 Fighting
 + Level 2.3 Short Blades
 + Level 2.3 Throwing
 - Level 0.7 Dodging
 - Level 5.0 Stealth
 * Level 1.8 Shields


You had 2 spell levels left.
You didn't know any spells.
Your spell library contained the following spells:

 Spells                   Type           Power      Damage    Failure   Level
 Dazzling Flash           Conj/Hex       0%         N/A       71%         3
 Gell's Gravitas          Tloc           0%         N/A       71%         3
 Teleport Other           Tloc           0%         N/A       71%         3
 Iskenderun's Mystic Bla  Conj/Tloc      0%         2d3       98%         4
 Dispersal                Tloc           0%         N/A       100%        6
 Starburst                Conj/Fire      0%         8x6d3     100%        6


Dungeon Overview and Level Annotations

Branches:
Dungeon (3/15)

Altars:
Hepliaklqana

Shops:
D:1 (   D:2 ?


Innate Abilities, Weirdness & Mutations

You have extremely sharp teeth.
When hurt, damage is shared between your health and your magic reserves.
Your bite disrupts and absorbs the magic of your enemies.
Potions cannot restore your health.


Message History

The iguana closely misses you. The iguana barely misses you.
The iguana closely misses you.
The iguana hisses menacingly.
The iguana hisses menacingly.
There is a stone staircase leading up here.
You climb upwards.
There is a stone staircase leading down here.
You start resting.
HP restored.
You climb downwards.
The iguana completely misses you. The iguana misses you.
There is a stone staircase leading up here.
You hit the iguana.
The iguana is lightly wounded.
The iguana bites you but does no damage.
You barely miss the iguana. You bite the iguana, but do no damage.
The iguana is lightly wounded.
The iguana bites you!
You hit the iguana.
The iguana is lightly wounded.
The iguana barely misses you.
You barely miss the iguana. You bite the iguana. You drain its power.
You feel invigorated.
The iguana is lightly wounded.
You hit the iguana.
The iguana is heavily wounded.
The iguana bites you!
* * * LOW HITPOINT WARNING * * *
You are too injured to fight recklessly!
You are too injured to fight recklessly!
You are too injured to fight recklessly!
You are too injured to fight recklessly!
You are too injured to fight recklessly!
You hit the iguana but do no damage.
The iguana is heavily wounded.
The iguana closely misses you.
You barely miss the iguana. Your bite misses the iguana.
The iguana is heavily wounded.
The iguana bites you!
You die...

#.##....≈.....≈## ##≈...
#.#...........≈≈####≈≈...
#..............≈≈≈≈≈≈....
#................÷.......
##...####..≈≈..........≈≈
#......#...≈..........≈.
#.#......#..............
#>......l........≈.....#
#####..@........≈♣≈....#
#####............#.###.....
#..........####....#.......
#..................#..#.#..
#.......####.#.#...##.....)
######.##......#...#.##.#.#.#
#..∩....#.##########^.#.....#
#.......#.# ####.###+###
#.......#.# #...........


You could see an iguana.

Vanquished Creatures
  An adder (D:2)
  A dart slug (D:2)
  An orc (D:3)
  3 bats
  3 endoplasms
  3 giant cockroaches
  A goblin (D:2)
  4 hobgoblins
  4 jackals (D:2)
  4 kobolds
  4 quokkas
  3 ball pythons
  3 frilled lizards (D:2)
  6 rats
41 creatures vanquished.

Notes
Turn   | Place    | Note
-------+----------+-------------------------------------------
     0 | D:1      | duskshroud the Vine Stalker Brigand began the quest for the
                  | Orb.
     0 | D:1      | Reached XP level 1. HP: 11/11 MP: 2/2
    67 | D:1      | Found a faded altar of an unknown god.
   503 | D:1      | Found Dapsekuf's Weapon Shoppe.
   515 | D:1      | Reached skill level 5 in Stealth
   581 | D:1      | Reached XP level 2. HP: 15/15 MP: 3/3
   880 | D:2      | Reached skill level 1 in Shields
  1168 | D:2      | Reached XP level 3. HP: 17/18 MP: 2/4
  1242 | D:2      | Found Xilleoc's Magic Scroll Boutique.
  1268 | D:2      | Bought a scroll of identify for 24 gold pieces
  1268 | D:2      | Bought a scroll of identify for 24 gold pieces
  1268 | D:2      | Bought a scroll of identify for 24 gold pieces
  1671 | D:3      | Found a hazy altar of Hepliaklqana.
  2372 | D:2      | Slain by an iguana

Illustrated notes

Levels and vault maps discovered:
D:1:      eino_arrival_water_cross, layout_loops_ring, serial_shops,
          nicolae_diamond_shop, basic_ecumenical_altar
D:2:      layout_basic, serial_glass, glass_columns_a, glass_columns_c,
          glass_columns_c, glass_columns_c, glass_columns_a, serial_shops, shop,
          minivault_26, kennysheep_decorative_pillar, minmay_tetromino_o4
D:3:      layout_loops_ring, nicolae_hepliaklqana_hippocampus, serial_shops,
          shop

Skill      XL: |  1  2 |
---------------+-------+-----
Stealth        | 5 |  5.0
Short Blades   | 2 |  2.3
Throwing       | 2 |  2.3
Shields        | 1 |  1.8
Fighting       | |  1.7
Dodging        | |  0.7

Action                   || total
-------------------------++-------
Melee: Dagger            ||    99
       Bite              ||    15
Throw: Dart              ||    28
  Use: Scroll            ||     6
 Stab: Sleeping          ||    10
Armor: Robe              ||    19
Dodge: Dodged            ||    49

Table legend: (Time is in decaauts)
 A = Elapsed time spent in this place.
 B = Non-inter-level travel time spent in this place.
 C = Inter-level travel time spent in this place.
 D = Time resting spent in this place.
 E = Time spent auto-exploring this place.
 F = Levels seen in this place.
 G = Mean time per level.
                   A        B        C        D        E       F      G
               +--------+--------+--------+--------+--------+-----+--------+
         Total |   2360 |   2283 |     77 |    458 |   1178 |   3 |  786.7 |
       Dungeon |   2360 |   2283 |     77 |    458 |   1178 |   3 |  786.7 |
               +--------+--------+--------+--------+--------+-----+--------+

Top non-repeatable levels by time:
     D:2: 944 daAuts
     D:1: 813 daAuts
     D:3: 602 daAuts
